 Dungeon Crawl Stone Soup version 0.27-a0-898-g810843a28d (webtiles) character file.

Game seed: 8885837315704426092

98 Lanoc the Magician (level 4, 0/40 HPs)
             Began as a Naga Wanderer on Apr 5, 2021.
             Was a Follower of Uskayaw.
             Killed by nerve-wracking pain
             ... invoked by Grinder
              (7 damage)
             ... on level 3 of the Dungeon.
             The game lasted 00:05:30 (2236 turns).

Lanoc the Magician (Naga Wanderer)                  Turns: 2236, Time: 00:05:31

Health: 0/40       AC:  7    Str: 15 (17) XL:     4   Next: 69%
Magic:  8/8        EV:  7    Int:  6 (9)  God:    Uskayaw [*.....]
Gold:   54         SH:  0    Dex: 10 (12) Spells: 8/9 levels left

rFire    . . .     SeeInvis +   i - +0 dagger (drain)
rCold    . . .     Faith    .   (no shield)
rNeg     . . .     Spirit   .   d - +3 scale mail
rPois    +         Reflect  .   (no helmet)
rElec    .         Harm     .   (no cloak)
rCorr    .         Rampage  .   (no gloves)
Will     .....                  (no barding)
Stlth    +.........             (no amulet)
HPRegen  0.13/turn              (no ring)
MPRegen  0.11/turn              (no ring)

@: very slow
A: AC +1, large, see invisible, deformed body, poison resistance, slowness 2,
spit poison 1, naga tail 1
a: Spit Poison, Renounce Religion, Stomp


You were on level 3 of the Dungeon.
You worshipped Uskayaw.
Uskayaw was noncommittal.
You visited 1 branch of the dungeon, and saw 3 of its levels.

You collected 54 gold pieces.

Inventory:

Hand Weapons
 i - a +0 dagger of draining (weapon)
Armour
 d - a +3 scale mail (worn)
Scrolls
 c - a scroll of amnesia
 g - a scroll of identify


   Skills:
 + Level 2.5 Fighting
 - Level 1.5 Armour
 + Level 1.7 Dodging
 + Level 2.6 Stealth
 - Level 3.0 Spellcasting
 - Level 2.0 Ice Magic
 - Level 0.2 Poison Magic
 * Level 1.9 Invocations
 - Level 1.0 Evocations


You had 8 spell levels left.
You knew the following spells:

 Your Spells              Type           Power      Damage    Failure   Level
a - Sting                 Tmut/Pois      4%         1d3       80%         1

Your spell library contained the following spells:

 Spells                   Type           Power      Damage    Failure   Level
 Animate Skeleton         Necr           0%         N/A       82%         1
 Apportation              Tloc           0%         N/A       82%         1
 Corona                   Hex            0%         N/A       82%         1
 Magic Dart               Conj           0%         1d3       82%         1
 Summon Small Mammal      Summ           0%         N/A       82%         1
 Ignite Poison            Fire/Tmut/Pois 1%         N/A       99%         3
 Mephitic Cloud           Conj/Pois/Air  1%         N/A       99%         3


Dungeon Overview and Level Annotations

Branches:
Dungeon (3/15)

Altars:
Uskayaw

Annotations:
D:3 Grinder


Innate Abilities, Weirdness & Mutations

Your serpentine skin is tough. (AC +1)
You have supernaturally acute eyesight. (SInv)
Armour fits poorly on your strangely shaped body.
Your system is resistant to poisons. (rPois)
You cover ground very slowly.
You can spit poison.
You have a snake-like lower body.


Message History

Grinder hits you but does no damage.
You hit Grinder.
Grinder is moderately wounded.
You feel less wooden.
Your +2 scale mail unmelds from your body.
Grinder barely misses you.
As you read the scroll labelled ORAOMAT FEAMERGH, it crumbles to dust.
It is a scroll of enchant armour.
Your +2 scale mail glows green for a moment.
Grinder hits you but does no damage.
You feel less attractive to monsters.
As you read the scroll labelled MUUREDIKECW, it crumbles to dust.
It is a scroll of amnesia.
Really abort (and waste the scroll)?
Okay, then.
Grinder closely misses you.
As you read the scroll labelled VEOKHE SYNA, it crumbles to dust.
It is a scroll of identify.
You don't have any unidentified items.
Grinder gestures at you.
You suddenly lose the ability to move!
Grinder hits you but does no damage. x2
You can move again.
Unknown command.
Grinder hits you but does no damage.
You see here a jackal corpse.
Grinder gestures at you. You resist with significant effort.
Grinder gestures at you.
You struggle to resist.
You feel a little less clever now. Grinder gestures at you.
Pain shoots through your body!
* * * LOW HITPOINT WARNING * * *
Grinder gestures at you. You resist with significant effort.
Grinder gestures at you. You resist with significant effort.
Grinder gestures at you. Pain shoots through your body!
You die...

...# #.# # #..# #.# #
# # #..# #.# # #. .
#..# #.# # .#.##.#..#
#.# # ......#..# #.#
##
#..#..#..##########.#
####.
#..................#
#....
#..#....5..@....#####
#.##. ##.#.#######.#
#<### #.#.# #.# #.#
#.#5# #.# #.#
##.####.#.#######.#
#.#
....?........†.##.#
#.#
#.####.#..###†####
### #....!......#
#.......###.#


You could see Grinder.

Vanquished Creatures
  3 adders
  A dart slug (D:1)
  2 orcs (D:3)
  3 bats
  9 endoplasms
  2 giant cockroaches (D:1)
  8 goblins
  4 hobgoblins
  7 jackals
  A quokka (D:2)
  9 ball pythons
  A frilled lizard (D:1)
  5 kobolds
  5 rats
60 creatures vanquished.

Notes
Turn   | Place    | Note
-------+----------+-------------------------------------------
     0 | D:1      | Lanoc the Naga Wanderer began the quest for the Orb.
     0 | D:1      | Lanoc set off with the following items: a +0 club, a +2
                  | scale mail; and the following spells available to memorise:
                  | Magic Dart, Sting, Ignite Poison, Mephitic Cloud
     0 | D:1      | Reached XP level 1. HP: 18/18 MP: 4/4
     2 | D:1      | Learned a level 1 spell: Sting
   127 | D:1      | Reached XP level 2. HP: 20/25 MP: 6/6
   310 | D:1      | Reached skill level 1 in Dodging
   472 | D:1      | Found a faded altar of an unknown god.
   483 | D:1      | Became a worshipper of Uskayaw the Reveller
   483 | D:1      | Reached * piety under Uskayaw
   675 | D:1      | Reached XP level 3. HP: 32/32 MP: 7/7
   979 | D:2      | Reached ** piety under Uskayaw
  1083 | D:2      | Reached skill level 1 in Invocations
  1443 | D:2      | Reached XP level 4. HP: 28/39 MP: 8/8
  2152 | D:3      | Noticed Grinder
  2181 | D:3      | Paralysed by Grinder for 2 turns
  2200 | D:3      | Paralysed by Grinder for 6 turns
  2220 | D:3      | Paralysed by Grinder for 3 turns
  2236 | D:3      | Killed from afar by Grinder

Illustrated notes

Levels and vault maps discovered:
D:1:      lemuel_arrival_hallway, layout_basic, basic_ecumenical_altar,
          st_stairs_11, minmay_tromino_v4_c
D:2:      layout_basic, st_stairs_13, minmay_misc_feat_cross
D:3:      layout_loops_ring, hangedman_decor_slide_cut, minmay_ogre_servants,
          uniq_crazy_yiuf_cottage, uniq_grinder, uniq_robin

Skill      XL: |  1  2  3 |
---------------+----------+-----
Dodging        | 1 |  1.7
Fighting       | 2 |  2.5
Invocations    | 1 |  1.9
Stealth        | 2 |  2.6
Armour         | |  1.5
Spellcasting   | |  3.0
Ice Magic      | |  2.0
Poison Magic   | |  0.2
Evocations     | |  1.0

Action                   |  1- 3 |  4- 6 || total
-------------------------+-------+-------++-------
Melee: Club              |    47 |       ||    47
       Short sword       |    22 |       ||    22
       Dagger            |     7 |    89 ||    96
 Cast: Sting             |     2 |       ||     2
 Abil: Spit Poison       |    28 |    18 ||    46
  Use: Potion            |       |     5 ||     5
       Scroll            |       |     3 ||     3
Armor: Scale mail        |    31 |    69 ||   100
       Skin              |       |    16 ||    16
Dodge: Dodged            |    33 |    41 ||    74

Table legend: (Time is in decaauts)
 A = Elapsed time spent in this place.
 B = Non-inter-level travel time spent in this place.
 C = Inter-level travel time spent in this place.
 D = Time resting spent in this place.
 E = Time spent auto-exploring this place.
 F = Levels seen in this place.
 G = Mean time per level.
                   A        B        C        D        E       F      G
               +--------+--------+--------+--------+--------+-----+--------+
         Total |   2685 |   2638 |     47 |      0 |   2152 |   3 |  895.0 |
       Dungeon |   2685 |   2638 |     47 |      0 |   2152 |   3 |  895.0 |
               +--------+--------+--------+--------+--------+-----+--------+

Top non-repeatable levels by time:
     D:1: 1200 daAuts
     D:2: 799 daAuts
     D:3: 685 daAuts
